[Event "Early-Titled-Tuesday-Blitz-April-23-2024"]
[Site "Chess.com"]
[Date "2024.04.23"]
[Round "9"]
[White "blitzking1729"]
[Black "ViIIagra"]
[Result "1-0"]
[WhiteElo "2791"]
[BlackElo "2924"]
[TimeControl "180+1"]
[EndTime "9:46:09 PDT"]
[Termination "blitzking1729 won by resignation"]

1. c4 d6 2. d4 e5 3. Nc3 exd4 4. Qxd4 Nc6 5. Qd2 g6 6. b3 Bg7 7. Bb2 Nf6 8. g3 O-O 9. Bg2 Re8 10. Nf3 Bf5 11. Nh4 Be4 12. f3 Bf5 13. Nxf5 gxf5 14. O-O Nd7 15. Nd5 Nb6 16. Bxg7 Kxg7 17. Qc3+ f6 18.
Nf4 Qe7 19. e4 Qe5 20. Qc2 Nd4 21. Qf2 Re7 22. Nd3 1-0

[Event "Early-Titled-Tuesday-Blitz-April-23-2024"]
[Site "Chess.com"]
[Date "2024.04.23"]
[Round "9"]
[White "Seochesspie"]
[Black "HansOnTwitch"]
[Result "0-1"]
[WhiteElo "2902"]
[BlackElo "3222"]
[TimeControl "180+1"]
[EndTime "9:46:18 PDT"]
[Termination "HansOnTwitch won by resignation"]

1. d4 Nf6 2. c4 e6 3. Nf3 b6 4. g3 Bb7 5. Bg2 Be7 6. O-O O-O 7. Re1 a5 8. Nc3 Ne4 9. Bd2 d6 10. Qc2 Nxd2 11. Nxd2 c6 12. e4 Nd7 13. Rad1 c5 14.
d5 e5 15. Nf1 Bg5 16. Nb5 Nf6 17.
Ne3 g6 18. b3 Ba6 19. Nc3 Bc8 20. Qe2 h5 21. Rf1 Re8 22. Rde1 Kg7 23. f4 Bh6 24. f5 Bd7 25. a4 h4 26. gxh4 Rh8 27. Kh1 Bf4 28. Rf3 Rxh4 29. Rh3 Qh8 30. Qf3 Qh6 31.
Rxh4 Qxh4 0-1

[Event "Early-Titled-Tuesday-Blitz-April-23-2024"]
[Site "Chess.com"]
[Date "2024.04.23"]
[Round "9"]
[White "emeli_chess"]
[Black "djano"]
[Result "0-1"]
[WhiteElo "2475"]
[BlackElo "2621"]
[TimeControl "180+1"]
[EndTime "9:46:22 PDT"]
[Termination "djano won by resignation"]

1. d4 d5 2. c4 e6 3. Nc3 c5 4. cxd5 exd5 5. Nf3 Nc6 6. g3 cxd4 7. Nxd4 Nf6 8. Bg2 Bc5 9. Nxc6 bxc6 10. O-O O-O 11. Bg5 h6 12. Bf4 Re8 13. Rc1 Bd6 14. Bxd6 Qxd6 15. Na4 Ne4 16. Bxe4 Rxe4 17. Nc5 Re7 18.
e3 a5 19. Qd4 Rb8 20. a3 Bf5 21. Rfd1 Qg6 22. b4 axb4 23. axb4 h5 24. h4 Bg4 25. Qf4 Ra8 26. Rd4 Rea7 27. Qg5 Ra1 28. Rxa1 Rxa1+ 29. Kg2 Qb1 0-1

[Event "Early-Titled-Tuesday-Blitz-April-23-2024"]
[Site "Chess.com"]
[Date "2024.04.23"]
[Round "9"]
[White "klifus"]
[Black "NovakRatko"]
[Result "1-0"]
[WhiteElo "2166"]
[BlackElo "2370"]
[TimeControl "180+1"]
[EndTime "9:46:29 PDT"]
[Termination "klifus won by resignation"]

1. Nf3 d5 2. g3 c5 3. Bg2 Nc6 4. O-O e5 5. c4 d4 6. e3 e4 7. Ne1 f5 8. d3 dxe3 9. Bxe3 Nf6 10.
Nc3 exd3 11. Nxd3 Be6 12. Nxc5 Bxc5 13. Bxc5 Qxd1 14. Raxd1 Bxc4 15. Rfe1+ Kf7 16. b3 Be6 17. Nb5 Rad8 18. Nd6+ Rxd6 19. Rxd6 Re8 20. Bxc6 bxc6 21. Rxc6 Ne4 22. Rc7+ Kg6 23. Bd4 Rg8 24. f3 Ng5 25. Kf2 Bd5 26. Re3 Ne6 27. Rd7 Bxb3 28. axb3 Nxd4 29.
Rxd4 1-0

[Event "Early-Titled-Tuesday-Blitz-April-23-2024"]
[Site "Chess.com"]
[Date "2024.04.23"]
[Round "9"]
[White "snowlord"]
[Black "MatyChess1"]
[Result "1-0"]
[WhiteElo "2921"]
[BlackElo "2703"]
[TimeControl "180+1"]
[EndTime "9:46:30 PDT"]
[Termination "snowlord won by resignation"]

1. d4 d5 2. c4 c6 3. Nf3 Nf6 4. Nbd2 e6 5. Qc2 Nbd7 6. g3 b6 7. Bg2 Bb7 8. O-O Be7 9. Rd1 O-O 10. e4 Rc8 11. e5 Ne8 12. cxd5 cxd5 13. Qa4 a6 14.
Nf1 b5 15. Qb3 Nb6 16. h4 Nc7 17. Ne3 a5 18. h5 h6 19. Ng4 Re8 20. Qd3 Bf8 21.
Bxh6 Nd7 22. Ng5 g6 23. Nxf7 1-0

[Event "Early-Titled-Tuesday-Blitz-April-23-2024"]
[Site "Chess.com"]
[Date "2024.04.23"]
[Round "9"]
[White "jeetjain"]
[Black "Eliwood44"]
[Result "1-0"]
[WhiteElo "2614"]
[BlackElo "2464"]
[TimeControl "180+1"]
[EndTime "9:46:33 PDT"]
[Termination "jeetjain won by resignation"]

1. Nf3 d5 2. g3 Nc6 3. Bg2 e5 4.
d3 Be7 5. O-O Be6 6. e4 dxe4 7.
dxe4 Qxd1 8. Rxd1 f6 9. c3 a5 10. a4 Bc5 11. Na3 Rd8 12. Rxd8+ Kxd8 13. Nb5 Kc8 14.
h4 h5 15. Ne1 Nh6 16. Nd3 Bb6 17. Be3 Bxe3 18. fxe3 Ng4 19. Nc5 Bc4 20. b3 Bf7 21. Bh3 b6 22. Na6 Kb7 23. Naxc7 Nxe3 24. c4 Rd8 25. Nd5 Bxd5 26. exd5 Nb4 27. Re1 Nec2 28. Rf1 Nd4 29. Nxd4 exd4 30. Rd1 Re8 31. Rxd4 Re3 32. Kh2 Kc7 33. d6+ Kd8 34. d7 Re2+ 35. Kg1 Re3 36. Rd6 Rxg3+ 37. Kh2 Rd3 38. Rxb6 Rd2+ 39. Kg1 g5 40. Rb8+ Ke7 41. Re8+ Kf7 42. d8=Q 1-0

[Event "Early-Titled-Tuesday-Blitz-April-23-2024"]
[Site "Chess.com"]
[Date "2024.04.23"]
[Round "9"]
[White "SmirnovTimofey2000"]
[Black "MarlonJodar"]
[Result "0-1"]
[WhiteElo "1986"]
[BlackElo "2286"]
[TimeControl "180+1"]
[EndTime "9:46:33 PDT"]
[Termination "MarlonJodar won by resignation"]

1. e4 e5 2. Nf3 Nc6 3. Bc4 Nf6 4. Ng5 d5 5. exd5 Na5 6. Bb5+ c6 7. dxc6 bxc6 8. Bd3 Nd5 9. Nf3 Bd6 10. O-O Nf4 11.
Be2 O-O 12. d3 Nxe2+ 13. Qxe2 Bg4 14. h3 Bh5 15. Bg5 Qc7 16. Nbd2 f5 17. Nb3 Rae8 18. Bd2 Nxb3 19. axb3 e4 20. dxe4 fxe4 21. Qc4+ Bf7 22. Qxe4 Rxe4 0-1

[Event "Early-Titled-Tuesday-Blitz-April-23-2024"]
[Site "Chess.com"]
[Date "2024.04.23"]
[Round "9"]
[White "bubeliang"]
[Black "AnishOnYoutube"]
[Result "0-1"]
[WhiteElo "2785"]
[BlackElo "3057"]
[TimeControl "180+1"]
[EndTime "9:46:45 PDT"]
[Termination "AnishOnYoutube won by checkmate"]

1. e4 c5 2. c3 Nf6 3. e5 Nd5 4. Nf3 e6 5. d4 cxd4 6. cxd4 b6 7. Bc4 Bb7 8. O-O Na6 9. Qe2 Nac7 10. Rd1 Be7 11. Nbd2 O-O 12. Ne4 f5 13. Nd6 Bc6 14.
b3 Nc3 15. Qe1 Nxd1 16. Qxd1 Nd5 17. Ba3 b5 18. Bxd5 Bxd5 19. Nxb5 Bxa3 20. Nxa3 Rc8 21.
h3 Qa5 22. Nc4 Bxc4 23. bxc4 Rxc4 24. Qd3 Rfc8 25. Kh2 Rc2 26. Qe3 Qc3 27. Qxc3 R8xc3 28. Kg3 Rc1 29. Rxc1 Rxc1 30. Nd2 Rc2 31. Nb3 Rxa2 32.
Nc5 Rd2 33. Nxd7 Rxd4 34. Nc5 Kf7 35. Na6 Rc4 36. Nb8 Ke7 37. Kh2 Kd8 38. Na6 Kc8 39.
Kg3 Kb7 40. f4 Kxa6 41. Kh4 Kb5 42. Kg5 Rc8 43. g4 Rf8 44. gxf5 Rxf5+ 45. Kg4 a5 46. h4 a4 47. Kg3 a3 48. Kg2 h6 49.
Kg1 a2 50. Kg2 a1=Q 51. h5 g6 52. hxg6 Rxf4 53. Kh2 Qf1 54. Kg3 Qf2+ 55. Kh3 Rh4# 0-1

[Event "Early-Titled-Tuesday-Blitz-April-23-2024"]
[Site "Chess.com"]
[Date "2024.04.23"]
[Round "9"]
[White "BardArtem"]
[Black "ural58"]
[Result "1-0"]
[WhiteElo "2843"]
[BlackElo "2563"]
[TimeControl "180+1"]
[EndTime "9:46:50 PDT"]
[Termination "BardArtem won by resignation"]

1. e4 e5 2. Nf3 Nc6 3. Nc3 Nf6 4. h3 d6 5. d4 exd4 6. Nxd4 Nxd4 7. Qxd4 g6 8. Bg5 Bg7 9. e5 dxe5 10. Qxd8+ Kxd8 11. Nd5 Be6 12. Bxf6+ Bxf6 13. Nxf6 Ke7 14. Ne4 f5 15. Nc5 Bd5 16. O-O-O Rhd8 17. Re1 Kf6 18. f3 b6 19. Nd3 c5 20. Nxe5 Re8 21. f4 a5 22.
Rg1 Bxa2 23. b3 a4 24. Kb2 axb3 25.
cxb3 Red8 26. Bd3 c4 27. bxc4 Rd4 28. g3 b5 29. Kc3 Rad8 30. cxb5 g5 31. fxg5+ Kxg5 32. Nf3+ 1-0

[Event "Early-Titled-Tuesday-Blitz-April-23-2024"]
[Site "Chess.com"]
[Date "2024.04.23"]
[Round "9"]
[White "ChessSwole"]
[Black "MFatigue"]
[Result "1-0"]
[WhiteElo "2714"]
[BlackElo "2555"]
[TimeControl "180+1"]
[EndTime "9:46:51 PDT"]
[Termination "ChessSwole won by resignation"]

1. d4 d5 2. Nf3 Nf6 3. e3 c5 4.
dxc5 Nc6 5. c3 a5 6. Bb5 Bg4 7. b4 e5 8. Qb3 Bxf3 9. gxf3 Be7 10. Nd2 O-O 11. a4 d4 12. Bxc6 bxc6 13. Nc4 dxc3 14. Nxa5 Qc7 15. Nc4 Rfb8 16. Nb6 Ra6 17. Qxc3 Raxb6 18. cxb6 Qxb6 19. Bd2 Bxb4 20. Qxb4 Qxb4 21. Bxb4 Rxb4 1-0

[Event "Early-Titled-Tuesday-Blitz-April-23-2024"]
[Site "Chess.com"]
[Date "2024.04.23"]
[Round "9"]
[White "BallottiLuca"]
[Black "CMButgood"]
[Result "1-0"]
[WhiteElo "2387"]
[BlackElo "2180"]
[TimeControl "180+1"]
[EndTime "9:46:53 PDT"]
[Termination "BallottiLuca won by checkmate"]

1. e4 c5 2. b4 cxb4 3. a3 d5 4. exd5 Nf6 5. axb4 Nxd5 6. b5 e5 7. Ba3 Bxa3 8. Rxa3 O-O 9. Be2 Bf5 10. Nf3 Nd7 11.
O-O Qc7 12. c4 Nb4 13. d4 Nc2 14. Rc3 Nxd4 15. Nxd4 exd4 16. Rg3 Rfe8 17. Qxd4 Bg6 18. Nc3 Nf6 19. Bf3 a5 20. h4 Rad8 21. Nd5 Nxd5 22. Bxd5 h5 23. Rxg6 Rxd5 24. Qxg7# 1-0

[Event "Early-Titled-Tuesday-Blitz-April-23-2024"]
[Site "Chess.com"]
[Date "2024.04.23"]
[Round "9"]
[White "mortngabriel"]
[Black "jinxy2009"]
[Result "1-0"]
[WhiteElo "2455"]
[BlackElo "2309"]
[TimeControl "180+1"]
[EndTime "9:46:59 PDT"]
[Termination "mortngabriel won by resignation"]

1. e4 e5 2. f4 Bc5 3. Nf3 d6 4. Nc3 Nc6 5. Bc4 Nf6 6. d3 O-O 7. Na4 Bb6 8. Nxb6 axb6 9. O-O Qe7 10. fxe5 dxe5 11. Kh1 h6 12. Nh4 Na5 13. Ng6 Qc5 14. Nxf8 Nxc4 15. dxc4 Bg4 16. Nd7 Qe7 17. Nxf6+ 1-0

[Event "Early-Titled-Tuesday-Blitz-April-23-2024"]
[Site "Chess.com"]
[Date "2024.04.23"]
[Round "9"]
[White "ValentinDragnev"]
[Black "SlavenPastar"]
[Result "1-0"]
[WhiteElo "2749"]
[BlackElo "2630"]
[TimeControl "180+1"]
[EndTime "9:47:03 PDT"]
[Termination "ValentinDragnev won by resignation"]

1. d4 b6 2. e4 Bb7 3. Bd3 Nf6 4. Qe2 e6 5. Nf3 d5 6. e5 Ne4 7. O-O Be7 8. Ne1 h6 9. c3 O-O 10. f3 Ng5 11. Nd2 f5 12. exf6 Rxf6 13. f4 Nf7 14. Ndf3 Bd6 15. Ne5 Nxe5 16. dxe5 Bc5+ 17. Kh1 Rf8 18.
Qg4 Qe8 19. b4 Be7 20. Qxe6+ Qf7 21. Qg4 Bc8 22. f5 Nc6 23. Qg3 Qh5 24. f6 1-0

[Event "Early-Titled-Tuesday-Blitz-April-23-2024"]
[Site "Chess.com"]
[Date "2024.04.23"]
[Round "9"]
[White "Barath1308"]
[Black "biveklama"]
[Result "0-1"]
[WhiteElo "2545"]
[BlackElo "2619"]
[TimeControl "180+1"]
[EndTime "9:47:04 PDT"]
[Termination "biveklama won by resignation"]

1. b3 d5 2. Bb2 Nc6 3. Nf3 Nf6 4. e3 g6 5. c4 Bg7 6. cxd5 Qxd5 7.
Nc3 Qd8 8. Be2 O-O 9. O-O Ne4 10. Qc2 Nxc3 11. Bxc3 e5 12. Rad1 Bf5 13. Qb2 Qe7 14. b4 a6 15. a4 Rfe8 16. b5 axb5 17. axb5 Na5 18. d3 b6 19. e4 Bg4 20. Rfe1 Rad8 21.
h3 Bxf3 22. Bxf3 Nb7 23. d4 exd4 24. Bxd4 Bxd4 25. Rxd4 Nc5 26. Red1 Rxd4 27. Qxd4 Qe5 28. Qxe5 Rxe5 29. Rd8+ Kg7 30. Rc8 Re7 31. e5 Rxe5 32. Rxc7 Ne6 33. Rb7 Rxb5 34. Be2 Rb1+ 35. Kh2 Nc5 36.
Bc4 Nxb7 0-1

[Event "Early-Titled-Tuesday-Blitz-April-23-2024"]
[Site "Chess.com"]
[Date "2024.04.23"]
[Round "9"]
[White "Nf3c5"]
[Black "GlennTipton"]
[Result "1-0"]
[WhiteElo "2645"]
[BlackElo "2495"]
[TimeControl "180+1"]
[EndTime "9:47:04 PDT"]
[Termination "Nf3c5 won by resignation"]

1. e4 c5 2. Nc3 e6 3. d4 cxd4 4. Qxd4 Nc6 5. Qd3 a6 6. Bf4 b5 7. O-O-O Qa5 8. Kb1 b4 9. Nd5 exd5 10. exd5 Nce7 11.
d6 Ng6 12. Qe4+ Kd8 13. Qxa8 Nxf4 14. Nf3 Nf6 15. Bc4 Ne6 16. Rhe1 Qc5 17. Bxa6 Bxd6 18. Rxd6 Qxd6 19. Qxc8+ Ke7 20. Qxh8 Qxa6 21. Qxg7 b3 22.
axb3 Qa5 23. Qg3 1-0

[Event "Early-Titled-Tuesday-Blitz-April-23-2024"]
[Site "Chess.com"]
[Date "2024.04.23"]
[Round "9"]
[White "viktorgen2021"]
[Black "zurzan"]
[Result "1-0"]
[WhiteElo "2468"]
[BlackElo "2139"]
[TimeControl "180+1"]
[EndTime "9:47:07 PDT"]
[Termination "viktorgen2021 won by resignation"]

1. d4 Nf6 2. Nf3 g6 3. g3 Bg7 4. Bg2 O-O 5. O-O d6 6. a4 c5 7. d5 a6 8. Nc3 e6 9. e4 exd5 10. exd5 Nbd7 11. Re1 Re8 12. Bf4 Rxe1+ 13. Qxe1 Nb6 14.
a5 Nbxd5 15. Nxd5 Nxd5 16. Bg5 f6 17. Rd1 fxg5 18. Rxd5 g4 19. Ng5 h6 20. Ne4 Bf5 21.
Nxd6 Qf6 22. Nxf5 gxf5 23. Rd7 Qxb2 24. Bd5+ Kh8 25. Rxb7 Qa1 26. Rb1 1-0

[Event "Early-Titled-Tuesday-Blitz-April-23-2024"]
[Site "Chess.com"]
[Date "2024.04.23"]
[Round "9"]
[White "Ati1517"]
[Black "ReinisUz"]
[Result "0-1"]
[WhiteElo "2271"]
[BlackElo "2470"]
[TimeControl "180+1"]
[EndTime "9:47:09 PDT"]
[Termination "ReinisUz won by resignation"]

1. e4 e5 2. Nf3 Nc6 3. d4 exd4 4. Bc4 Nf6 5. O-O Bc5 6. c3 dxc3 7. e5 d5 8. exf6 dxc4 9. fxg7 Rg8 10. Qe2+ Qe7 11.
Qxc4 Rxg7 12. Qxc3 Rg8 13. Nbd2 Bb4 14. Qd3 Be6 15. Ne4 Rd8 16. Qb5 Bd5 17. Bg5 Qxe4 18.
Bxd8 Qxf3 0-1

[Event "Early-Titled-Tuesday-Blitz-April-23-2024"]
[Site "Chess.com"]
[Date "2024.04.23"]
[Round "9"]
[White "luckyswitchback"]
[Black "jaskol95"]
[Result "0-1"]
[WhiteElo "2713"]
[BlackElo "2579"]
[TimeControl "180+1"]
[EndTime "9:47:11 PDT"]
[Termination "jaskol95 won by resignation"]

1. e4 e6 2. d4 d5 3. Nd2 Be7 4.
e5 c5 5. c3 Nc6 6. Bd3 f6 7.
Qh5+ Kf8 8. Ngf3 cxd4 9. cxd4 Qe8 10. Qh3 f5 11. g4 Nb4 12. Bb1 Qb5 13. gxf5 exf5 14.
Nh4 g6 15. Nxg6+ hxg6 16. Qxh8 b6 17. a4 Nd3+ 18. Kf1 Qa6 19. Bxd3 Qxd3+ 20. Kg2 f4 21. Nf3 Bg4 22. Ng5 Bxg5 23. Re1 Qf3+ 24. Kg1 Bh3 25.
Qxh3 Qxh3 26. Bd2 f3 27. Bb4+ Kg7 0-1

[Event "Early-Titled-Tuesday-Blitz-April-23-2024"]
[Site "Chess.com"]
[Date "2024.04.23"]
[Round "9"]
[White "MikeWizard"]
[Black "kidagent"]
[Result "0-1"]
[WhiteElo "2190"]
[BlackElo "2358"]
[TimeControl "180+1"]
[EndTime "9:47:15 PDT"]
[Termination "kidagent won by resignation"]

1. d4 d5 2. c4 c6 3. Nf3 Nf6 4. Nc3 dxc4 5. a4 Bf5 6. Ne5 Nbd7 7. Nxc4 Qc7 8. f3 e5 9. Nxe5 Nxe5 10. dxe5 Qxe5 11. e4 Bb4 12. Qb3 a5 13. Bc4 O-O 14. O-O Bd7 15. Be3 b5 16. axb5 cxb5 17. Bd5 Rac8 18. f4 Qh5 19. h3 Bxh3 20. gxh3 Qxh3 21. Ne2 Ng4 22. Rf2 Nxe3 23. e5 Bc5 24. Rc1 Qg4+ 25. Bg2 Nxg2 26. Rxc5 Nh4+ 27. Kf1 Rxc5 28. Qe3 Rfc8 0-1

[Event "Early-Titled-Tuesday-Blitz-April-23-2024"]
[Site "Chess.com"]
[Date "2024.04.23"]
[Round "9"]
[White "DamianoLew95"]
[Black "RantomOpening"]
[Result "0-1"]
[WhiteElo "2760"]
[BlackElo "2524"]
[TimeControl "180+1"]
[EndTime "9:47:17 PDT"]
[Termination "RantomOpening won by resignation"]

1. e4 c5 2. Nf3 e6 3. d3 Nc6 4.
Nbd2 Nf6 5. g3 d5 6. Bg2 Be7 7. O-O O-O 8. Re1 b5 9. a4 bxa4 10. exd5 exd5 11. d4 Qb6 12. Rxa4 h6 13. Nb3 c4 14.
Nbd2 Be6 15. c3 Bd6 16. Qc2 Rab8 17. Nh4 Rfe8 18. Nf5 Bxf5 19. Rxe8+ Rxe8 20. Qxf5 Re1+ 21. Nf1 Rxc1 22. Qc8+ Kh7 23. Qf5+ Kg8 24. Qc8+ Bf8 25. Ra6 Ne7 26. Rxb6 Nxc8 27. Rb8 Nb6 28. h3 g6 29. Kh2 Rc2 30. Ne3 Rxf2 31. Rb7 Rxb2 32. Rxa7 Rb3 33. Nd1 Kg7 34. g4 Bd6+ 35. Kg1 Rb1 36. Bf3 Ne4 37. Kg2 Ng5 38. Be2 Ne6 39. Ne3 Nf4+ 40. Kf3 Nxe2 41.
Kxe2 Bf4 42. Ng2 Rb2+ 43. Kf3 g5 44. h4 Rb3 45. hxg5 hxg5 46. Nxf4 Rxc3+ 0-1

[Event "Early-Titled-Tuesday-Blitz-April-23-2024"]
[Site "Chess.com"]
[Date "2024.04.23"]
[Round "9"]
[White "eagleclaw07"]
[Black "ravengelic"]
[Result "0-1"]
[WhiteElo "2852"]
[BlackElo "2685"]
[TimeControl "180+1"]
[EndTime "9:47:19 PDT"]
[Termination "ravengelic won by resignation"]

1. d4 Nf6 2. c4 g6 3. g4 Nxg4 4. e4 Nh6 5. Nc3 d6 6. Nf3 Bg4 7. Be2 Nd7 8. Be3 f6 9. Qd2 Nf7 10. O-O-O c6 11. Kb1 Qa5 12. Qc2 Qh5 13. Ng1 Bxe2 14.
Ngxe2 Bh6 15. Ng3 Qh3 16. f4 O-O 17. Qf2 e5 18. f5 Bxe3 19. Qxe3 g5 20. dxe5 Ndxe5 21.
b3 Rfe8 22. Rxd6 Nxd6 23. Rd1 Ndf7 24. Nce2 Rad8 25. Rg1 a5 26. Nd4 Rxd4 27. Qxd4 Qxh2 28. Qe3 Rd8 29. Rh1 Rd3 30. Qxd3 Qxh1+ 31. Nxh1 Nxd3 32.
Kc2 Nb4+ 33. Kb2 h5 34. a3 Nd3+ 35. Kc3 Nfe5 36. b4 axb4+ 37. axb4 b5 38. cxb5 cxb5 39. Ng3 h4 40. Ne2 h3 41. Ng3 h2 42. Kb3 Kf7 43. Nh1 Ke7 44. Kc3 Kd6 45. Kd4 Nxb4 46. Ng3 Nbc6+ 47. Ke3 b4 48. Kf2 Nd4 49. Kg2 b3 50.
Nf1 b2 51. Nd2 Ndf3 52. Nb1 Ng4 53. Nc3 Nf2 54. e5+ Kxe5 0-1

[Event "Early-Titled-Tuesday-Blitz-April-23-2024"]
[Site "Chess.com"]
[Date "2024.04.23"]
[Round "9"]
[White "Matibar"]
[Black "DrVelja"]
[Result "1-0"]
[WhiteElo "2864"]
[BlackElo "2980"]
[TimeControl "180+1"]
[EndTime "9:47:26 PDT"]
[Termination "Matibar won by resignation"]

1. e4 c5 2. Nf3 Nc6 3. Bc4 g6 4. O-O Bg7 5. Re1 d6 6. c3 Bg4 7. Bxf7+ Kf8 8. Bb3 Ne5 9. d4 Nxf3+ 10. gxf3 Bh3 11. Be3 Nf6 12. dxc5 dxc5 13. Qxd8+ Rxd8 14. Bxc5 Nh5 15. Be3 Be5 16. Nd2 Kg7 17. Nc4 Bf4 18.
Bxa7 e5 19. Rad1 Be6 20. Ne3 Bxb3 21. axb3 Rxd1 22. Rxd1 Ra8 23. Rd7+ Kh6 24. Rxb7 Kg5 25. b4 Kh4 26. b5 Kh3 27. Nd5 Rd8 28. Rxh7 Bg5 1-0

[Event "Early-Titled-Tuesday-Blitz-April-23-2024"]
[Site "Chess.com"]
[Date "2024.04.23"]
[Round "9"]
[White "scarabee43"]
[Black "Alexchess1984"]
[Result "1-0"]
[WhiteElo "2832"]
[BlackElo "2661"]
[TimeControl "180+1"]
[EndTime "9:47:27 PDT"]
[Termination "scarabee43 won by resignation"]

1. Nf3 e6 2. c4 f5 3. Nc3 Nf6 4. b3 Be7 5. Bb2 c6 6. g3 O-O 7. Bg2 d6 8. O-O Qe8 9. Qc2 e5 10. d3 Kh8 11. b4 Be6 12. b5 Qh5 13. a4 Nbd7 14. a5 Rac8 15. a6 bxa6 16. bxc6 Nb8 17.
d4 e4 18. d5 exf3 19. Bxf3 Ng4 20. Bxg4 fxg4 21. dxe6 Rxc6 22. Qe4 Bf6 23. Rab1 Rfc8 24.
Nd5 Bxb2 25. Rxb2 Re8 26. Rb7 Qe5 27. Qxg4 Rcc8 28. f4 h5 29. Qg6 Qd4+ 30. e3 1-0

[Event "Early-Titled-Tuesday-Blitz-April-23-2024"]
[Site "Chess.com"]
[Date "2024.04.23"]
[Round "9"]
[White "chesslh93"]
[Black "Alenzer"]
[Result "0-1"]
[WhiteElo "2362"]
[BlackElo "2235"]
[TimeControl "180+1"]
[EndTime "9:47:29 PDT"]
[Termination "Alenzer won on time"]

1. e4 c5 2. Nf3 e6 3. d4 cxd4 4.
Nxd4 Nf6 5. Nc3 Nc6 6. Ndb5 d6 7.
Bf4 e5 8. Bg5 a6 9. Na3 b5 10. Nd5 Be7 11. Bxf6 Bxf6 12. c3 O-O 13.
Nc2 Bg5 14. a4 Rb8 15. axb5 axb5 16. Bd3 Be6 17. Ncb4 Bxd5 18. Nxd5 b4 19. O-O bxc3 20. bxc3 Ne7 21. Bc4 Kh8 22. Nxe7 Qxe7 23. Bd5 f5 24. exf5 Rxf5 25. Qe2 Rbf8 0-1

[Event "Early-Titled-Tuesday-Blitz-April-23-2024"]
[Site "Chess.com"]
[Date "2024.04.23"]
[Round "9"]
[White "pfalcon1949"]
[Black "TacticalSam94"]
[Result "0-1"]
[WhiteElo "1964"]
[BlackElo "2192"]
[TimeControl "180+1"]
[EndTime "9:47:30 PDT"]
[Termination "TacticalSam94 won by resignation"]

1. e4 c5 2. Nf3 d6 3. d4 cxd4 4. Nxd4 Nf6 5. Nc3 a6 6. h3 e6 7. Nf3 Be7 8. g4 O-O 9. g5 Nfd7 10. Be3 b5 11. h4 Bb7 12. Qd2 Nc6 13. O-O-O Qa5 14. Kb1 b4 15. Ne2 Rfc8 16. h5 Nde5 17. Nxe5 Nxe5 18. f4 Nc4 19. Qc1 Bxe4 20. Ng3 Bxh1 21.
Nxh1 Rab8 22. g6 fxg6 23. hxg6 h6 24. Bd4 e5 25. fxe5 dxe5 26. Bxc4+ Rxc4 27. Be3 Rbc8 28. Bxh6 Rxc2 29. Qe3 Qc7 30. Qb3+ Qc4 31. Qf3 gxh6 32. Qf5 Rc1+ 0-1

[Event "Early-Titled-Tuesday-Blitz-April-23-2024"]
[Site "Chess.com"]
[Date "2024.04.23"]
[Round "9"]
[White "Grossboss19"]
[Black "biostatistician"]
[Result "0-1"]
[WhiteElo "2628"]
[BlackElo "2749"]
[TimeControl "180+1"]
[EndTime "9:47:31 PDT"]
[Termination "biostatistician won by resignation"]

1. d4 Nf6 2. c4 g6 3. Nc3 Bg7 4. Nf3 O-O 5. g3 b6 6. Bg2 Bb7 7. O-O Ne4 8. Bd2 c5 9. e3 Nxd2 10. Qxd2 cxd4 11. Nxd4 Bxg2 12. Kxg2 Nc6 13. Nce2 Rc8 14.
Rac1 Nxd4 15. Nxd4 d5 16. b3 dxc4 17. bxc4 Qc7 18.
Qe2 Rfd8 19. Rfd1 Qc5 20. Nb3 Qa3 21. Nd4 Qc5 22. Nb3 Qb4 23. Nd4 Qa4 24. h4 Rc5 25. Nb3 Rxd1 26. Nxc5 Qc6+ 0-1

[Event "Early-Titled-Tuesday-Blitz-April-23-2024"]
[Site "Chess.com"]
[Date "2024.04.23"]
[Round "9"]
[White "Naruto75_3"]
[Black "Dr_Pepper18"]
[Result "0-1"]
[WhiteElo "2384"]
[BlackElo "2484"]
[TimeControl "180+1"]
[EndTime "9:47:38 PDT"]
[Termination "Dr_Pepper18 won on time"]

1. d4 Nf6 2. c4 e6 3. Nc3 Bb4 4.
Qc2 h6 5. a3 Bxc3+ 6. Qxc3 b6 7. Nf3 Bb7 8. e3 O-O 9. Bd3 d6 10. O-O Nbd7 11. Nd2 Qe7 12. e4 e5 13. d5 a5 14. f4 exf4 15. Rxf4 Ne5 16. Nf3 Ng6 17. Rxf6 Qxf6 18. Qxf6 gxf6 19. Bxh6 Rfe8 20. Rf1 Bc8 21.
Nd4 Kh7 22. Bd2 Kg7 23. Bc3 Ne5 24. Be2 Bd7 25. Nc6 Bxc6 26. dxc6 Rh8 27. h3 Rh4 28. g4 Rxh3 29. Kg2 Rah8 30. Bd1 Rh2+ 31. Kg3 R8h3+ 32.
Kf4 Rh1 33. Kf5 Rxf1+ 0-1

[Event "Early-Titled-Tuesday-Blitz-April-23-2024"]
[Site "Chess.com"]
[Date "2024.04.23"]
[Round "9"]
[White "Kaissa10"]
[Black "maurovargas01"]
[Result "0-1"]
[WhiteElo "2280"]
[BlackElo "1898"]
[TimeControl "180+1"]
[EndTime "9:47:39 PDT"]
[Termination "maurovargas01 won on time"]

1. e4 c6 2. d4 d5 3. e5 Bf5 4.
h4 h6 5. g4 Be4 6. f3 Bg6 7.
Bd3 Bxd3 8. Qxd3 e6 9. Ne2 Qa5+ 10. Bd2 Qa6 11. Qe3 Nd7 12. O-O Be7 13. h5 Bg5 14. f4 Be7 15. f5 Bg5 16. Qf3 Bxd2 17. Nxd2 O-O-O 18. b4 exf5 19. b5 Qxb5 20. Nc3 Qb6 0-1

[Event "Early-Titled-Tuesday-Blitz-April-23-2024"]
[Site "Chess.com"]
[Date "2024.04.23"]
[Round "9"]
[White "Harry_Rakkel"]
[Black "Mikhail_Bryakin"]
[Result "1-0"]
[WhiteElo "2709"]
[BlackElo "2830"]
[TimeControl "180+1"]
[EndTime "9:47:41 PDT"]
[Termination "Harry_Rakkel won by resignation"]

1. e4 d5 2. exd5 Qxd5 3. Nc3 Qe5+ 4. Nge2 Bg4 5. f3 Bh5 6. d4 Qa5 7. Nf4 Bg6 8. Bd2 c6 9. Nxg6 hxg6 10. Qe2 Nf6 11.
O-O-O e6 12. Kb1 Nbd7 13. Ne4 Qc7 14. h3 O-O-O 15. Bc1 Be7 16. Qe1 c5 17. Nxc5 Nxc5 18. dxc5 Rxd1 19. Qxd1 Bxc5 20. Bd3 Rd8 21. Qe2 Qb6 22.
Ka1 Nd5 23. a3 Bd4 24. Be4 Qc5 25. Ka2 f5 26. Bxd5 Qxd5+ 27. c4 Qd6 28. Re1 e5 29. Be3 Rd7 30. Bxd4 exd4 31. Qe8+ Kc7 32. Re5 Qc6 33. Kb3 d3 34. Re7 d2 35. Rxd7+ Qxd7 36. Qxd7+ Kxd7 37. Kc2 Kd6 38. Kxd2 a5 39. b4 a4 40. h4 f4 41.
Kd3 Ke5 42. Kc3 g5 43. hxg5 g6 44. Kd3 Kf5 45. c5 Kxg5 46. Ke4 Kf6 47. Kxf4 Ke6 48. Ke4 1-0

[Event "Early-Titled-Tuesday-Blitz-April-23-2024"]
[Site "Chess.com"]
[Date "2024.04.23"]
[Round "9"]
[White "SaiAgni_98"]
[Black "wqws"]
[Result "1/2-1/2"]
[WhiteElo "2465"]
[BlackElo "2688"]
[TimeControl "180+1"]
[EndTime "9:47:44 PDT"]
[Termination "Game drawn by repetition"]

1. c4 Nf6 2. g3 g6 3. Bg2 Bg7 4.
Nc3 O-O 5. Nf3 c5 6. O-O Nc6 7. a3 e5 8. d3 h6 9. Ne1 d6 10. Nc2 Be6 11. Ne3 Rb8 12. Rb1 a5 13. Ned5 Kh7 14. b4 axb4 15. axb4 cxb4 16. Nxb4 Nxb4 17. Rxb4 d5 18. cxd5 Nxd5 19. Nxd5 Bxd5 20. Bxd5 Qxd5 21. Qb3 Qxb3 22. Rxb3 b5 23. Ba3 Rfc8 24. Rfb1 Rc2 25. Kf1 h5 26. h4 Ra8 27. Bd6 Raa2 28.
Re1 Rcb2 29. Rxb2 Rxb2 30. Rc1 b4 31. Rc7 Kg8 32. Rc8+ Kh7 33. Rc7 Kg8 34. Rc8+ Kh7 35. Rc7 1/2-1/2